 Dungeon Crawl Stone Soup version 0.21.1-1-g345015f (console) character file.

938 fly the Grave Robber (level 7, -2/55 HPs)
             Began as a Deep Dwarf Necromancer on May 17, 2018.
             Was a Believer of Makhleb.
             Killed from afar by an orc wizard (7 damage)
             ... with a magic dart
             ... on level 6 of the Dungeon.
             The game lasted 00:10:05 (4916 turns).

fly the Grave Robber (Deep Dwarf Necromancer)       Turns: 4916, Time: 00:10:06

Health: -2/55      AC:  2    Str: 12    XL:     7   Next: 87%
Magic:  13/13      EV: 15    Int: 17    God:    Makhleb [**....]
Gold:   174        SH:  0    Dex: 13    Spells: 10/14 levels left

rFire    . . .     SeeInvis .   a - +0 hand axe (pain)
rCold    . . .     Gourm    .   (no shield)
rNeg     . . .     Faith    .   y - +0 robe
rPois    .         Spirit   .   (no helmet)
rElec    .         Reflect  .   (no cloak)
rCorr    .         Harm     .   (no gloves)
MR       ++...                  (no boots)
Stlth    +++.......             (no amulet)
HPRegen  0.00/turn              d - ring of stealth
MPRegen  0.13/turn              k - ring of protection from magic

@: non-regenerating
A: damage resistance, heal wounds, sense surroundings 1, no regeneration
a: Heal Wounds, Minor Destruction, Renounce Religion


You were on level 6 of the Dungeon.
You worshipped Makhleb.
Makhleb was pleased with you.
You were not hungry.

You visited 1 branch of the dungeon, and saw 6 of its levels.

You collected 278 gold pieces.
You spent 104 gold pieces at shops.

Inventory:

Hand Weapons
 a - a +0 hand axe of pain (weapon)
Armour
 y - a +0 robe (worn)
Jewellery
 d - a ring of stealth (left hand)
 k - a ring of protection from magic (right hand)
Wands
 g - a wand of random effects (31)
Scrolls
 b - a scroll of fear
 f - a scroll of amnesia
 l - a scroll of teleportation
 q - a scroll of blinking
Potions
 e - a potion of cancellation {unknown}
 h - a potion of flight {unknown}
 i - a potion of agility {unknown}
 m - 2 potions of curing
 n - a potion of berserk rage {unknown}
 o - a potion of resistance {unknown}
 p - a potion of haste {unknown}
 r - 2 potions of heal wounds
 s - a potion of mutation {unknown}
Books
 j - a book of Necromancy

   Spells                             Type                      Level
   a - Pain                           Necromancy                   1
   b - Animate Skeleton               Necromancy                   1
   c - Vampiric Draining              Necromancy                   3
   d - Regeneration                   Charms/Necromancy            3
   e - Animate Dead                   Necromancy                   4
   f - Borgnjor's Vile Clutch         Necromancy/Earth             5
Comestibles
 c - 8 rations


   Skills:
 + Level 3.3 Axes
 - Level 6.0 Dodging
 - Level 2.4 Stealth
 - Level 4.0 Spellcasting
 - Level 7.0 Necromancy


You had 10 spell levels left.
You knew the following spells:

 Your Spells              Type           Power        Failure   Level  Hunger
v - Vampiric Draining     Necr           ####......   2%          3    ###....
z - Pain                  Necr           ####         1%          1    None


Dungeon Overview and Level Annotations

Branches:
Dungeon (6/15)             Temple (0/1) D:6

Altars:
Elyvilon
Makhleb
Sif Muna

Shops:
D:4 !


Innate Abilities, Weirdness & Mutations

You are resistant to damage.
You can heal yourself by infusing magical energy.
You passively map a small area around you.
You do not regenerate.


Message History

An orc warrior comes into view. It is wielding a halberd.
An orc comes into view.
An orc wizard comes into view. It is wielding a dagger of venom.
The orc shouts!
The orc wizard shouts!
You hear a shout!
The orc wizard gestures wildly while chanting.
The orc wizard flickers and vanishes!
Deactivating autopickup; reactivate with Ctrl-A.
The orc wizard gestures at you while chanting.
The magic dart hits you!
* * * LOW HITPOINT WARNING * * *
The orc wizard points at you and mumbles some strange words.
The magic dart hits you!
* * * LOW HITPOINT WARNING * * *
The orc wizard mumbles some strange words.
The orc wizard flickers and vanishes!
You hear a blaring wail to the south.
The orc wizard points at you and mumbles some strange words.
The magic dart hits you!
You die...

#* #.........#
#..####.# *
#..#.##.##.#
#........
,....#.##.##.###
* #######.#
,#.#.##.........#
,, , ..# #.#.
####.####.# ** *
### ,. .. ....
#.## * . ... ...
* #..## * ,
#..#######..# ,
#........@..#
#....#.#....# *
*#(.#.#.#..## **
* * #.#.#.#.#.# ,
, ###..#.>.#..#
** *
....#.#.#.#o#
.....#.#.#.{#* *
* ##....#.#..o...
, , *
........a.[...#
**


You could see an orc wizard and an orc.

Vanquished Creatures
  2 sky beasts
  A centaur (D:5)
  A bullfrog (D:4)
  A scorpion (D:5)
  2 crimson imps
  A hound (D:5)
  3 orc wizards
  A bullfrog skeleton (D:6)
  4 iguanas
  3 worker ants
  A hound skeleton (D:4)
  8 adders
  An ooze (D:1)
  2 adder skeletons (D:4)
  3 worms
  A dart slug (D:2)
  3 leopard geckos
  15 orcs
  4 bats
  4 giant cockroaches
  3 goblins
  6 hobgoblins
  3 jackals (D:6)
  A quokka (D:6)
  A ball python (D:1)
  3 frilled lizards
  5 kobolds
  A leopard gecko skeleton (D:4)
  6 rats
90 creatures vanquished.

Notes
Turn   | Place    | Note
-------+----------+-------------------------------------------
     0 | D:1      | fly the Deep Dwarf Necromancer began the quest for the Orb.
     0 | D:1      | Reached XP level 1. HP: 15/15 MP: 3/3
   189 | D:1      | Reached XP level 2. HP: 22/22 MP: 3/5
   874 | D:2      | Reached skill level 5 in Necromancy
   874 | D:2      | Reached XP level 3. HP: 5/28 MP: 1/6
   879 | D:2      | Learned a level 3 spell: Vampiric Draining
  1442 | D:3      | Reached XP level 4. HP: 33/36 MP: 1/8
  1519 | D:3      | Found a burning altar of Makhleb.
  1527 | D:3      | Found a deep blue altar of Sif Muna.
  1536 | D:3      | Became a worshipper of Makhleb the Destroyer
  1932 | D:3      | Noticed a sky beast
  1940 | D:3      | Killed a sky beast
  1940 | D:3      | Reached skill level 6 in Necromancy
  1940 | D:3      | Reached XP level 5. HP: 36/42 MP: 0/10
  2587 | D:4      | Reached XP level 6. HP: 32/49 MP: 1/12
  2870 | D:4      | Reached * piety under Makhleb
  2977 | D:4      | Reached skill level 7 in Necromancy
  3012 | D:4      | Reached skill level 1 in Axes
  3134 | D:4      | Found Myroad Hoist's Distillery.
  3137 | D:4      | Bought a potion of curing for 39 gold pieces
  3137 | D:4      | Bought a potion of heal wounds for 65 gold pieces
  3153 | D:4      | Found a white marble altar of Elyvilon.
  3414 | D:5      | Entered Level 5 of the Dungeon
  3519 | D:5      | Reached XP level 7. HP: 48/55 MP: 1/13
  4536 | D:5      | Reached skill level 5 in Dodging
  4857 | D:6      | Reached ** piety under Makhleb
  4904 | D:6      | Found a staircase to the Ecumenical Temple.
  4916 | D:6      | Killed from afar by an orc wizard

Skill      XL: |  1  2  3  4  5  6  7 |
---------------+----------------------+-----
Spellcasting   | 2 3 4 |  4.0
Necromancy     | 5 6 7 |  7.0
Dodging        | 3 6 |  6.0
Axes           | 2 3 |  3.3
Stealth        | |  2.4

Action                   |  1- 3 |  4- 6 |  7- 9 || total
-------------------------+-------+-------+-------++-------
Melee: Unarmed           |    18 |       |       ||    18
       Mace              |       |     1 |       ||     1
       Hand axe          |       |    83 |   255 ||   338
 Cast: Pain              |    53 |    39 |       ||    92
       Vampiric Draining |     7 |    32 |    23 ||    62
  Use: Scroll            |       |     4 |     3 ||     7
 Stab: Sleeping          |     1 |     2 |     1 ||     4
       Distracted        |       |     1 |       ||     1
  Eat: Chunk             |     3 |     9 |     8 ||    20
Armor: Robe              |     6 |    20 |    26 ||    52
Dodge: Dodged            |    17 |    87 |   181 ||   285
